 Dungeon Crawl Stone Soup version 0.29.0-4-gdea44cf6ec (webtiles) character file.

Game seed: 15971356322823234621

74 qw the Chopper (level 4, 0/26 HPs)
             Began as a Tengu Warper on Aug 28, 2022.
             Slain by a hound (7 damage)
             ... on level 5 of the Dungeon.
             The game lasted 00:00:13 (2603 turns).

qw the Chopper (Tengu Warper)                       Turns: 2603, Time: 00:00:13

Health: 0/26       AC: 10    Str: 20    XL:     4   Next: 30%
Magic:  8/8        EV: 10    Int: 13    God:
Gold:   160        SH:  0    Dex: 13    Spells: 7/7 levels left

rFire   . . .      SeeInvis .   Y - +0 hand axe (chaos)
rCold   . . .      Faith    .   (no shield)
rNeg    . . .      Spirit   .   m - +0 scale mail
rPois   .          Reflect  .   (helmet restricted)
rElec   .          Harm     .   (no cloak)
rCorr   .          Rampage  .   (no gloves)
Will    .....                   (boots unavailable)
Stlth   ..........              (no amulet)
HPRegen 0.08/turn               d - +6 ring of strength
MPRegen 0.11/turn               l - +4 ring of protection

@: lethally poisoned (0 -> -6)
A: beak, talons 3
a: no special abilities


You were on level 5 of the Dungeon.
You visited 1 branch of the dungeon, and saw 4 of its levels.

You collected 160 gold pieces.


Innate Abilities, Weirdness & Mutations

You have a beak for a mouth.
You have claws for feet.


   Skills:
 - Level 2.0 Fighting
 + Level 4.9 Axes
 - Level 1.0 Throwing
 - Level 1.1 Armour
 - Level 2.1 Dodging
 - Level 2.0 Spellcasting
 - Level 2.4 Translocations


You had 7 spell levels left.
You didn't know any spells.
Your spell library contained the following spells:

 Spells                   Type           Power      Damage    Failure   Level
 Blink                    Tloc           14%        N/A       41%         2
 Gell's Gravitas          Tloc           7%         N/A       65%         3
 Lesser Beckoning         Tloc           7%         N/A       65%         3
 Teleport Other           Tloc           7%         N/A       65%         3
 Manifold Assault         Tloc           7%         N/A       100%        5

Inventory:

Hand Weapons
 g - a +0 whip
 Y - a +0 hand axe of chaos (weapon)
Armour
 m - a +0 scale mail (worn)
Jewellery
 d - a +6 ring of strength (left hand)
 l - a +4 ring of protection (right hand)
Scrolls
 a - a scroll of identify
 k - a scroll of vulnerability {unknown}
Potions
 b - a potion of heal wounds {unknown}
 c - 4 potions of curing
 e - a potion of might
 h - a potion of attraction {unknown}

Dungeon Overview and Level Annotations

Branches:
Dungeon (5/15)
 Temple: D:4-7

Altars:

Shops:
D:3 :


Message History

Enter note:
Enter note:
Enter note:
Enter note:
Enter note:
Enter note:
Enter note:
Enter note:
Enter note:
Enter note:
Enter note:
Enter note:
Enter note: You slash the kobold!
You freeze the kobold.
You kill the kobold!
You feel very sick.
You hit the hound.
The hound goes berserk!
The hound is lightly wounded.
You feel sick. The hound barely misses you.
The kobold brigand throws a poisoned dart.
The poisoned dart hits you.
You are more poisoned.
The hound bites you.
You hit the hound. Your kick misses the hound. You peck the hound.
The hound is moderately wounded.
You feel very sick. The hound barely misses you.
The hound bites you but does no damage.
You barely miss the hound.
The hound is moderately wounded.
You barely miss the kobold.
You feel sick. The hound bites you. The hound misses you.
The adder bites you but does no damage. The hound bites you but does no damage.
You hit the hound but do no damage.
The hound resists with some effort.
Your kick misses the hound.
The hound is moderately wounded.
You hit the kobold brigand but do no damage.
Lightning courses through the kobold brigand!
You hit the adder. You drain the adder.
You feel sick. The hound bites you!
You die...

*,*,*,,,,* ############,*,*,**,*
***** *...........,*,*,<*,* *,,,*
*...........**,*,,*,* *,,,*
*,..........**,*,,*,* *,,,*
**#.........**,*,,*,* *,,,*
#..K......**,*,,*,* *,,,*
#.hKK.....,,,,,,,,* *,,,*
#.@So.....,,,,,,,,* *,,,*
###.####..,,,,,,,** *,,,*
*...,+,,,,,,,,,,, ** *,,,*
*####*,,,,,,,,,*, ,* *,,,*
*,,,,,,,,,*, ,*****,,,*
***********,,,,,,****,
,,,,,,,,,***,,,,,,,,****,,,** **,
,,,,,,,,,,,,,,,,,,,,,,,,,,,* *,,
,,,,,,,,,,,,,,,,,,,,,,,,,,,****,*


You could see a kobold brigand, a hound (berserk), an adder (very drained), an
orc and 2 kobolds.

Vanquished Creatures
  3 adders (D:3)
  2 worms (D:2)
  2 dart slugs (D:2)
  An orc (D:3)
  3 endoplasms
  2 giant cockroaches
  6 goblins
  3 hobgoblins
  3 quokkas
  3 ball pythons
  7 bats
  2 frilled lizards (D:1)
  2 kobolds
  A rat (D:2)
40 creatures vanquished.

Vanquished Creatures (others)
  A plant (D:3)
1 creature vanquished.

Grand Total: 41 creatures vanquished

Notes
Turn   | Place    | Note
-------+----------+-------------------------------------------
     0 | D:1      | qw the Tengu Warper began the quest for the Orb.
     0 | D:1      | Reached XP level 1. HP: 12/12 MP: 4/4
     0 | D:1      | 0 ||| qw: Version: 0.1-a-89-g26bdef1
     0 | D:1      | 0 ||| qw: Game counter: 2433
     0 | D:1      | 0 ||| qw: Always use a shield: true
     0 | D:1      | 0 ||| qw: God list: Okawaru
     0 | D:1      | 0 ||| qw: Allow faded altars: false
     0 | D:1      | 0 ||| qw: Do Orc after D:15 true
     0 | D:1      | 0 ||| qw: Do second Lair branch before Depths: true
     0 | D:1      | 0 ||| qw: Lair rune preference: random
     0 | D:1      | 0 ||| qw: Plans: Normal
     0 | D:1      | 0 ||| PLANNING D:1-11
   191 | D:1      | Reached XP level 2. HP: 17/17 MP: 6/6
   193 | D:1      | Reached skill level 3 in Axes
   747 | D:1      | 747 ||| UPGRADING to +6 ring of strength.
   748 | D:1      | 748 ||| READING 2 scrolls labelled XAMAQAD OJEET.
   749 | D:1      | 749 ||| DROPPING scroll of blinking.
   796 | D:2      | 796 ||| Stepping ~*~*~tactically~*~*~ (hiding).
   935 | D:2      | 935 ||| Stepping ~*~*~tactically~*~*~ (stealth).
  1060 | D:2      | Reached XP level 3. HP: 18/21 MP: 7/7
  1156 | D:2      | Found a faded altar of an unknown god.
  1214 | D:2      | Reached skill level 4 in Axes
  1245 | D:2      | HP: 4/21 [worm (8)]
  1848 | D:2      | 1848 ||| UPGRADING to +0 ring mail.
  1858 | D:2      | 1858 ||| DROPPING +0 leather armour.
  1859 | D:2      | 1859 ||| READING scroll labelled TUKHIK HECAZXU.
  1860 | D:2      | 1860 ||| DRINKING 3 fizzy black potions.
  1861 | D:2      | 1861 ||| READING 2 scrolls of identify.
  1861 | D:2      | 1861 ||| IDENTIFYING bubbling dark potion
  2138 | D:3      | Reached XP level 4. HP: 26/26 MP: 8/8
  2376 | D:3      | Found Eshronit's Book Shoppe.
  2556 | D:3      | You fall into a shaft and drop 2 floors!
  2556 | D:5      | Entered Level 5 of the Dungeon
  2581 | D:5      | 2581 ||| UPGRADING to +0 scale mail.
  2591 | D:5      | 2591 ||| DROPPING +0 ring mail.
  2592 | D:5      | 2592 ||| UPGRADING to +4 ring of protection.
  2593 | D:5      | 2593 ||| READING scroll labelled ICORIA IKLIMA.
  2594 | D:5      | 2594 ||| READING scroll labelled HELEOL VAKHLO.
  2598 | D:5      | Noticed a kobold brigand
  2603 | D:5      | Slain by a hound

Levels and vault maps discovered:
D:1:      dpeg_arrival_round_a, layout_basic
D:2:      layout_basic, basic_ecumenical_altar, st_stairs_7
D:3:      layout_loops_ring, serial_shops, nicolae_shop_stone, corexii_shack
D:5:      layout_basic, kennysheep_okawaru_gauntlet, uniq_duvessa

Skill      XL: |  1  2  3 |
---------------+----------+-----
Axes           | 3 4 |  4.9
Fighting       | |  2.0
Throwing       | |  1.0
Armour         | |  1.1
Dodging        | |  2.1
Spellcasting   | |  2.0
Translocations | |  2.4

Action                   |  1- 3 |  4- 6 || total
-------------------------+-------+-------++-------
Melee: Hand axe          |    80 |    13 ||    93
       Kick              |    18 |     2 ||    20
       Peck              |    11 |     2 ||    13
       Punch             |     1 |       ||     1
Throw: Boomerang         |     7 |       ||     7
  Use: Scroll            |     3 |     2 ||     5
       Potion            |     1 |       ||     1
Armor: Leather armour    |    13 |       ||    13
       Ring mail         |     6 |     3 ||     9
       Scale mail        |       |     4 ||     4
Dodge: Dodged            |    35 |     8 ||    43

Table legend:
 A = Non-vault XP
 B = Vault XP
 C = Vault XP percentage of total XP
 D = Non-vault monster count
 E = Vault monster count
 F = Vault count percentage of total count
                 A         B        C        D         E       F
            +---------+---------+-------+---------+---------+-------
      Total |     101 |       6 |   5.6 |      37 |       3 |   7.5
            +---------+---------+-------+---------+---------+-------
        D:1 |      20 |       0 |   0.0 |      13 |       0 |   0.0
        D:2 |      37 |       3 |   7.5 |      15 |       2 |  11.8
        D:3 |      43 |       3 |   6.5 |       8 |       1 |  11.1
        D:5 |       1 |       0 |   0.0 |       1 |       0 |   0.0
            +---------+---------+-------+---------+---------+-------
